 Dungeon Crawl Stone Soup version 0.13-a0-2923-g04ac8d1 (webtiles) character file.

69 4tharraofdagon the Chopper (level 2, -5/28 HPs)
             Began as a Deep Dwarf Berserker on Sept 2, 2013.
             Was a Follower of Trog.
             Killed by an exploding giant spore (22 damage)
             ... on Level 6 of the Dungeon.
             The game lasted 00:02:55 (427 turns).

4tharraofdagon the Chopper (Deep Dwarf Berserker)    Turns: 427, Time: 00:02:55

HP  -5/28        AC  2     Str 20      XL: 2   Next: 62%
MP   1/1         EV 12     Int  7      God: Trog [*.....]
Gold 48          SH  0     Dex 12      Spells:  0 memorised,  1 level left

Res.Fire  : . . .   See Invis. : .   (no weapon)
Res.Cold  : . . .   Warding    : .   b - +0 animal skin
Life Prot.: . . .   Conserve   : .   (no shield)
Res.Poison: .       Res.Corr.  : .   (no helmet)
Res.Elec. : .       Clarity    : .   (no cloak)
Sust.Abil.: . .     Spirit.Shd : .   (no gloves)
Res.Mut.  : .       Stasis     : .   (no boots)
Res.Rott. : .       Flight     : .   (no amulet)
Saprovore : . . .                    (no ring)
                                     (no ring)

@: non-regenerating, confused, mildly poisoned, slightly resistant to hostile
enchantments, very unstealthy
A: damage resistance, recharge devices, sense surroundings 1, slow healing 3
a: Device Recharging, Burn Spellbooks, Berserk, Renounce Religion


You were on level 6 of the Dungeon.
You worshipped Trog.
Trog was most pleased with you.
You were not hungry.

You visited 1 branch of the dungeon, and saw 6 of its levels.

You collected 28 gold pieces.

Inventory:

Armour
 b - a +0 animal skin (worn)
Magical devices
 c - a wand of heal wounds (5)
Comestibles
 d - a bread ration
Scrolls
 e - 2 scrolls of enchant armour {unknown}
 i - 2 scrolls of remove curse {unknown}
 j - 4 scrolls of identify {unknown}
 l - 2 scrolls of teleportation {unknown}
Potions
 g - 2 potions of heal wounds {unknown}
 h - a potion of curing {unknown}


   Skills:
 + Level 2.9 Fighting
   Level 3.8 Axes
 + Level 2.5 Armour
 - Level 2.1 Dodging


You had one spell level left.
You didn't know any spells.

Dungeon Overview and Level Annotations

Branches:
Dungeon (6/27)
 Temple: D:4-7          Orc: D:6-11

Altars:


Innate Abilities, Weirdness & Mutations

You are resistant to damage.
You can recharge devices by infusing magical energy.
You passively map a small area around you.
You do not heal naturally.


Message History

Quivering
d - a bread ration for throwing.
Unknown command.
Quiver which item? (- for none, * to show all) (? for menu, Esc to quit)
Quivering
f - a lychee for throwing.
Awkwardly throwing (i - inventory):
f - a lychee (quivered)
Press: ? - help, Shift-Dir - straight line, f/p - giant spore
Aim: a giant spore You awkwardly throw a lychee.
The lychee misses the giant spore.
Quiver which item? (- for none, * to show all) (? for menu, Esc to quit)
Quivering
k - a black potion for throwing.
Awkwardly throwing (i - inventory):
k - a black potion (quivered)
Press: ? - help, Shift-Dir - straight line, f/p - giant spore
Aim: a giant spore You awkwardly throw a black potion.
The black potion misses the giant spore.
The giant spore explodes!
A fungus suddenly grows.
The explosion of spores engulfs you!
You are confused.
Ouch! That really hurt!
You die...

* , . # ... * #.
... ,,
###.######.. ,
#.........#*
#....f....#
#......<.[#####
*
#.....@.........
,
#f.!......#####
########### , **
* , *


There were no monsters in sight!

Vanquished Creatures
  A giant mite (D:5)
  2 bats
  4 hobgoblins
  A ball python (D:2)
  A giant newt (D:1)
  3 goblins
  A rat (D:5)
  A plant (D:1)
14 creatures vanquished.

Notes
Turn   | Place    | Note
--------------------------------------------------------------
     0 | D:1      | 4tharraofdagon, the Deep Dwarf Berserker, began the quest for the Orb.
     0 | D:1      | Reached XP level 1. HP: 21/21 MP: 0/0
    48 | D:1      | hurdos: my indet was down :)
   130 | D:1      | hurdos: Did you answer me?
   146 | D:1      | 4tharraofdagon: ye
   164 | D:1      | 4tharraofdagon: i would change to mahl
   193 | D:2      | Reached XP level 2. HP: 26/28 MP: 1/1
   262 | D:2      | hurdos: I see, thanks
   353 | D:2      | You fall through a shaft!
   376 | D:5      | Entered Level 5 of the Dungeon
   425 | D:6      | :(
   427 | D:6      | Killed by an exploding giant spore

Action                   || total
-------------------------++-------
Melee: Hand axe          ||    60
Throw: Hand axe          ||     1
